 Dungeon Crawl Stone Soup version 0.27-a0-1519-gc8121b24ce (console) character file.

Game seed: 17731003419098197324

2429 MakMorn the Cleaver (level 9, -10/75 HPs)
             Began as a Hill Orc Fighter on July 10, 2021.
             Was a Follower of Uskayaw.
             Mangled by a cyan ugly thing (15 damage)
             ... on level 6 of the Dungeon.
             The game lasted 00:20:08 (6423 turns).

MakMorn the Cleaver (Hill Orc Fighter)              Turns: 6423, Time: 00:20:08

Health: -10/75     AC: 11    Str: 22    XL:     9   Next: 48%
Magic:  6/10       EV:  6    Int:  8    God:    Uskayaw [*.....]
Gold:   373        SH: 11    Dex: 10    Spells: 8/8 levels left

rFire    . . .     SeeInvis .   a - +1 war axe
rCold    + . .     Faith    .   i - +1 kite shield
rNeg     . . .     Spirit   .   d - +0 chain mail
rPois    .         Reflect  .   h - +0 helmet
rElec    .         Harm     .   (no cloak)
rCorr    +         Rampage  .   (no gloves)
Will     .....                  (no boots)
Stlth    ..........             q - amulet of regeneration
HPRegen  1.22/turn              C - ring of protection from cold
MPRegen  0.12/turn              s - ring of resist corrosion

@: mighty
A: no striking features
a: Renounce Religion, Stomp


You were on level 6 of the Dungeon.
You worshipped Uskayaw.
Uskayaw was noncommittal.
You visited 2 branches of the dungeon, and saw 8 of its levels.

You collected 503 gold pieces.
You spent 130 gold pieces at shops.

Inventory:

Hand Weapons
 a - a +1 war axe (weapon)
 k - a +2 morningstar of freezing
 o - a +0 spear
 p - a +0 war axe
 E - a +1 whip of flaming
Missiles
 l - 60 stones (quivered)
 A - 9 boomerangs
 B - 2 curare-tipped darts
Armour
 b - a +0 scale mail
 d - a +0 chain mail (worn)
 h - a +0 helmet (worn)
 i - a +1 kite shield (worn)
 y - +0 steam dragon scales
 G - a +2 robe of the Archmagi
Magical Staves
 z - a staff of poison
Jewellery
 f - a ring of wizardry
 q - an amulet of regeneration (around neck)
 s - a ring of resist corrosion (right hand)
 C - a ring of protection from cold (left hand)
Wands
 D - a wand of mindburst (10)
 F - a wand of polymorph (8)
Scrolls
 m - a scroll of magic mapping
 t - a scroll of enchant armour
 v - a scroll of enchant weapon
Potions
 c - 5 potions of curing
 e - a potion of ambrosia
 g - a potion of lignification
 j - a potion of cancellation
 n - a potion of flight
 r - a potion of magic
 w - a potion of brilliance {unknown}
 x - 2 potions of heal wounds


   Skills:
 * Level 6.2 Fighting
 * Level 11.7 Axes
 * Level 6.5 Armour
 + Level 1.0 Dodging
 * Level 6.2 Shields
 * Level 2.3 Invocations


You had 8 spell levels left.
You didn't know any spells.
Your spell library contained the following spells:

 Spells                   Type           Power      Damage    Failure   Level
 Frozen Ramparts          Ice            0%         1d2       100%        3
 Ignite Poison            Fire/Tmut/Pois 0%         N/A       100%        3
 Mephitic Cloud           Conj/Pois/Air  0%         N/A       100%        3
 Ice Form                 Ice/Tmut       0%         N/A       100%        4
 Summon Ice Beast         Ice/Summ       0%         N/A       100%        4
 Summon Lightning Spire   Summ/Air       0%         N/A       100%        4
 Bolt of Magma            Conj/Fire/Erth 0%         4d4       100%        5
 Storm Form               Tmut/Air       0%         N/A       100%        7
 Maxwell's Capacitive Co  Air            0%         ∞         100%        8


Dungeon Overview and Level Annotations

Branches:
Dungeon (7/15)             Temple (1/1) D:6

Altars:
Ashenzari
Cheibriados
Kikubaaqudgha
Makhleb
Nemelex Xobeh
Qazlal
Ru
Sif Muna
Trog
Uskayaw
Vehumet
Wu Jian
Xom
Yredelemnul
Zin
The Shining One

Shops:
D:1 *   D:6 !

Annotations:
D:4 3 runed translucent doors, Crazy Yiuf; boben's ghost, novice DsGl


Message History

You block the cyan ugly thing's attack.
You slash the cyan ugly thing!
The cyan ugly thing is moderately wounded.
The cyan ugly thing tail-slaps you! The cyan ugly thing shocks you!
You slash the cyan ugly thing!
The cyan ugly thing is heavily wounded.
The cyan ugly thing tail-slaps you but does no damage.
You can now pass through a line of other dancers.
You barely miss the cyan ugly thing.
The cyan ugly thing is heavily wounded.
The cyan ugly thing tail-slaps you! The cyan ugly thing shocks you!
You slash the cyan ugly thing!
The cyan ugly thing is heavily wounded.
The cyan ugly thing tail-slaps you!
* * * LOW HITPOINT WARNING * * *
The cyan ugly thing shocks you!
* * * LOW HITPOINT WARNING * * *
Unknown command.
Okay, then.
Unknown command.
Press: ? - help, v - describe, . - travel
Here: a cyan ugly thing (heavily wounded)
The floor, spattered with blood.
Unknown command.
Aiming: Line Pass
Press: ? - help, Dir - move target The cyan ugly thing appears confused.
You can no longer pass through a line of other dancers.
You block the cyan ugly thing's attack.
Unknown command.
You barely miss the cyan ugly thing.
The cyan ugly thing is heavily wounded.
The cyan ugly thing seems less confused.
The cyan ugly thing tail-slaps you but does no damage.
You closely miss the cyan ugly thing.
The cyan ugly thing is heavily wounded.
The cyan ugly thing tail-slaps you.
* * * LOW HITPOINT WARNING * * *
The cyan ugly thing shocks you!
You die...

##.≈≈≈≈# #.# #.# # ##..§≈##
#.##########.### # #...≈§#
#.........##.#<# #
#....###########.#######.##.#.#
#
###.####.........##....#.##.#.#
#
#..............##.##.#.##.#.###
######.......[>.............#..
#........u##.##.#.##.#.#.#
#........@##.#..#.##.#...#
#.........##.##.#.##.#...#
#.........##......##.#...#
###############.####.#...# #.#
#.#...# #.# #.#.#.# #.# #.#.#.#
#.# #.#.#.# #.# #.#.#..


You could see a cyan ugly thing.

Vanquished Creatures
  Pikel (D:7)
  2 steam dragons (D:5)
  An ice beast (D:5)
  A necrophage (D:5)
  A sky beast (D:5)
  An ogre (D:5)
  3 lemures (D:7)
  A bullfrog (D:6)
  5 scorpions
  A water moccasin zombie (D:6)
  2 wyvern skeletons
  A water moccasin skeleton (D:6)
  7 wights
  A bullfrog zombie (D:5)
  3 centaur zombies
  A bullfrog skeleton (D:6)
  2 iguanas (D:6)
  2 orc wizards
  A killer bee zombie (D:6)
  3 hound skeletons
  7 adders
  2 shadow imps (D:6)
  A white imp (D:7)
  2 worms
  2 dart slugs
  15 orcs
  6 ball pythons
  5 endoplasms
  6 giant cockroaches
  12 hobgoblins
  8 jackals
  5 kobolds
  2 quokkas
  5 bats
  3 frilled lizards
  5 goblins
  6 rats
132 creatures vanquished.

Vanquished Creatures (others)
  A fungus (D:5)
  3 withered plants (D:7)
4 creatures vanquished.

Grand Total: 136 creatures vanquished

Notes
Turn   | Place    | Note
-------+----------+-------------------------------------------
     0 | D:1      | MakMorn the Hill Orc Fighter began the quest for the Orb.
     0 | D:1      | Reached XP level 1. HP: 19/19 MP: 1/1
    29 | D:1      | Reached skill level 3 in Axes
    35 | D:1      | Reached XP level 2. HP: 22/26 MP: 2/2
   143 | D:1      | Found Ylymah's General Store.
   240 | D:1      | Reached skill level 4 in Axes
   602 | D:1      | Reached XP level 3. HP: 27/31 MP: 3/3
   832 | D:2      | Reached skill level 5 in Axes
  1186 | D:2      | Reached XP level 4. HP: 37/38 MP: 4/4
  1842 | D:3      | Reached skill level 6 in Axes
  2105 | D:3      | Reached XP level 5. HP: 42/46 MP: 5/5
  2522 | D:4      | Found a runed translucent door.
  2549 | D:4      | Noticed boben's ghost (novice DsGl)
  2881 | D:4      | Reached XP level 6. HP: 52/52 MP: 6/6
  2944 | D:4      | Found a runed translucent door.
  2945 | D:4      | Noticed Crazy Yiuf
  2993 | D:4      | Found a runed translucent door.
  3137 | D:4      | Reached skill level 7 in Axes
  3517 | D:5      | Entered Level 5 of the Dungeon
  3731 | D:5      | Noticed a sky beast
  3752 | D:5      | Killed a sky beast
  3760 | D:5      | Reached skill level 8 in Axes
  3760 | D:5      | Reached XP level 7. HP: 51/59 MP: 7/7
  4189 | D:5      | Reached skill level 5 in Fighting
  4189 | D:5      | Reached skill level 9 in Axes
  4189 | D:5      | Reached XP level 8. HP: 68/68 MP: 8/8
  4299 | D:5      | Reached skill level 5 in Shields
  4565 | D:5      | Reached skill level 5 in Armour
  4882 | D:6      | Reached skill level 10 in Axes
  4908 | D:6      | Found a staircase to the Ecumenical Temple.
  4926 | Temple   | Entered the Ecumenical Temple
  5077 | Temple   | Became a worshipper of Uskayaw the Reveller
  5129 | D:6      | Reached * piety under Uskayaw
  5132 | D:6      | Reached ** piety under Uskayaw
  5184 | D:6      | Found a basalt altar of Yredelemnul.
  5243 | D:6      | Found Gur Bubra's Distillery.
  5259 | D:6      | Bought a potion of haste for 130 gold pieces
  5399 | D:6      | Found a bloodstained altar of Trog.
  5444 | D:6      | Reached skill level 1 in Invocations
  5554 | D:6      | Found a sacrificial altar of Ru.
  5571 | D:6      | Reached XP level 9. HP: 66/74 MP: 9/9
  5945 | D:6      | Reached skill level 11 in Axes
  6018 | D:7      | Noticed a cyan ugly thing
  6019 | D:7      | Noticed a boulder beetle
  6130 | D:7      | Reached *** piety under Uskayaw
  6131 | D:7      | Reached **** piety under Uskayaw
  6135 | D:7      | Reached ***** piety under Uskayaw
  6253 | D:7      | Noticed Pikel
  6272 | D:7      | Killed Pikel
  6273 | D:7      | Reached skill level 1 in Dodging
  6420 | D:6      | HP: 3/75 [cyan ugly thing (13)]
  6423 | D:6      | Mangled by a cyan ugly thing

Illustrated notes

Levels and vault maps discovered:
D:1:      dpeg_arrival_stonehenge_8_columns, layout_rooms, serial_shops,
          shop_statue, minmay_tall_x
D:2:      layout_loops_ring, minmay_large_rounded_square, st_stairs_5
D:3:      layout_basic, eino_tiny_chamber
D:4:      layout_loops_ring, ebering_ghost_sewer_f, uniq_crazy_yiuf_cottage
D:5:      kennysheep_steamy, layout_loops_ring
D:6:      layout_basic, lemuel_zombie_altar_yredelemnul, kennysheep_mini,
          nicolae_overflow_crystal_walls, minmay_temple_entry_fiery,
          serial_shops, shop_coins
D:7:      hangedman_cross_stitches, layout_layer_cave, serial_undead,
          serial_undead_a, serial_undead_a, serial_undead_b, serial_undead_d,
          uniq_pikel
Temple:   dshaligram_water_room_temple

Skill      XL: |  1  2  3  4  5  6  7  8  9 |
---------------+----------------------------+-----
Axes           | 3 4 5 6 8 9 10 11 | 11.7
Armour         | 4 5 6 |  6.5
Fighting       | 4 5 6 |  6.2
Shields        | 4 6 |  6.2
Invocations    | 1 2 |  2.3
Dodging        | 1 |  1.0

Action                   |  1- 3 |  4- 6 |  7- 9 || total
-------------------------+-------+-------+-------++-------
Melee: War axe           |   107 |   175 |   222 ||   504
Invok: Line Pass         |       |       |     1 ||     1
  Use: Scroll            |       |    10 |     5 ||    15
       Potion            |       |       |     2 ||     2
 Stab: Paralysed         |       |       |     4 ||     4
Armor: Scale mail        |    64 |     1 |       ||    65
       Chain mail        |       |    81 |   112 ||   193
Dodge: Dodged            |    44 |    34 |    47 ||   125
Block: Kite shield       |    92 |   114 |   139 ||   345

Table legend: (Time is in decaauts)
 A = Elapsed time spent in this place.
 B = Non-inter-level travel time spent in this place.
 C = Inter-level travel time spent in this place.
 D = Time resting spent in this place.
 E = Time spent auto-exploring this place.
 F = Levels seen in this place.
 G = Mean time per level.
                   A        B        C        D        E       F      G
               +--------+--------+--------+--------+--------+-----+--------+
         Total |   6586 |   5797 |    789 |    839 |   3534 |   8 |  823.2 |
       Dungeon |   6414 |   5685 |    729 |    839 |   3425 |   7 |  916.3 |
        Temple |    171 |    111 |     60 |      0 |    109 |   1 |  171.0 |
               +--------+--------+--------+--------+--------+-----+--------+

Top non-repeatable levels by time:
     D:5: 1258 daAuts
     D:3: 1145 daAuts
     D:6: 1058 daAuts
     D:4: 1014 daAuts
     D:1: 845 daAuts
     D:2: 718 daAuts
     D:7: 373 daAuts
  Temple: 171 daAuts
